 Dungeon Crawl Stone Soup version 0.30.1-11-g7821555f0a (webtiles) character file.

Game seed: 9205836387121064525

23 AuftragZ the Shooter (level 3, 0/21 HPs)
             Began as a Kobold Hunter on Nov 6, 2023.
             Killed from afar by Natasha (5 damage)
             ... with a magic dart
             ... on level 2 of the Dungeon.
             The game lasted 00:03:10 (739 turns).

AuftragZ the Shooter (Kobold Hunter)                 Turns: 739, Time: 00:03:11

Health: 0/21       AC:  3    Str:  8    XL:     3   Next: 12%
Magic:  3/3        EV: 14    Int: 10    God:
Gold:   109        SH:  0    Dex: 20    Spells: 2/2 levels left

rFire   . . .        a - +0 shortbow
rCold   . . .        (shield currently unavailable)
rNeg    . . .        c - +0 leather armour
rPois   .            (no helmet)
rElec   .            (no cloak)
rCorr   .            (no gloves)
SInv    .            (no boots)
Will    .....        (no amulet)
Stlth   +++          (no ring)
HPRegen 0.23/turn    (no ring)
MPRegen 0.08/turn

%: no passive effects
@: no status effects
A: small, no large weapons, nightstalker 3
a: no special abilities


You were on level 2 of the Dungeon.
You visited 1 branch of the dungeon, and saw 2 of its levels.

You collected 109 gold pieces.

Inventory:

Hand Weapons
 a - a +0 shortbow (weapon)
Armour
 c - a +0 leather armour (worn)
Scrolls
 b - a scroll of immolation
 e - 2 scrolls of teleportation
 f - a scroll of fear {unknown}
 h - a scroll of fog {unknown}
Potions
 d - 2 potions of heal wounds {unknown}
 g - a potion of haste
 i - 2 potions of might {unknown}


   Skills:
 + Level 2.2 Fighting
 * Level 6.2 Ranged Weapons
 + Level 0.1 Armour
 + Level 2.4 Dodging
 * Level 1.9 Stealth


You had 2 spell levels left.
You didn't know any spells.
Your spell library contained the following spells:

 Spells                   Type           Power      Damage    Failure   Level
 Summon Small Mammal      Summ           0%         N/A       50%         1
 Call Canine Familiar     Summ           0%         N/A       86%         3
 Summon Guardian Golem    Hex/Summ       0%         N/A       86%         3


Dungeon Overview and Level Annotations

Branches:
Dungeon (2/15)

Altars:

Annotations:
D:2 Natasha


Innate Abilities, Weirdness & Mutations

You are small and have problems with some larger weapons.
You are completely attuned to the shadows.


Message History

Press: ? - help, Q - select action Shift-Dir - straight line, f - Natasha
Aim: Natasha (asleep, 98% to hit)
You shoot an arrow.
The arrow hits Natasha but does no damage.
Natasha hisses angrily.
Natasha stares at you and mumbles some strange words.
The magic dart hits you.
Fire: a) +0 shortbow
Press: ? - help, Q - select action Shift-Dir - straight line, f/p - Natasha
Aim: Natasha (60% to hit)
You shoot an arrow. The arrow barely misses Natasha.
Natasha drinks a potion.
Natasha seems to speed up.
Fire: a) +0 shortbow
Press: ? - help, Q - select action Shift-Dir - straight line, f/p - Natasha
Aim: Natasha (fast, 60% to hit)
You shoot an arrow.
The arrow hits Natasha but does no damage.
Natasha mumbles some strange words.
Fire: a) +0 shortbow
Press: ? - help, Q - select action Shift-Dir - straight line, f/p - Natasha
Aim: Natasha (fast, 60% to hit)
You shoot an arrow. The arrow closely misses Natasha.
Natasha casts a spell at you. The magic dart hits you.
Fire: a) +0 shortbow
Press: ? - help, Q - select action Shift-Dir - straight line, f - cerulean imp, p - Natasha
Aim: a cerulean imp, wielding a +2 spear (summoned, 54% to hit)
You shoot an arrow. The arrow hits Natasha!
Natasha is severely wounded.
Natasha claws you. Natasha claws you!
* * * LOW HITPOINT WARNING * * *
The cerulean imp closely misses you.
Fire: a) +0 shortbow
Press: ? - help, Q - select action Shift-Dir - straight line, f/p - cerulean imp
Aim: a cerulean imp, wielding a +2 spear (summoned, 54% to hit)
You shoot an arrow. The arrow closely misses Natasha.
The arrow closely misses the cerulean imp.
Natasha casts a spell at you. The magic dart hits you.
You die...

# #.....# # #.[...#
# #.....# ###
#.....# ..# #######
..# #.# .. #.# 5#
#.# #########h#
#.#######.....).@.#
#.......#.#########
#######.#.# #.#.#
#...# #####


You could see Natasha (fast) and a cerulean imp (summoned).

Vanquished Creatures
  3 endoplasms
  2 goblins
  3 hobgoblins
  A quokka (D:1)
  4 ball pythons
  3 bats
  4 frilled lizards
  2 kobolds (D:1)
22 creatures vanquished.

Notes
Turn   | Place    | Note
-------+----------+-------------------------------------------
     0 | D:1      | AuftragZ the Kobold Hunter began the quest for the Orb.
     0 | D:1      | Reached XP level 1. HP: 12/12 MP: 1/1
   166 | D:1      | Found a faded altar of an unknown god.
   237 | D:1      | Reached XP level 2. HP: 17/17 MP: 2/2
   424 | D:1      | You fall into a shaft and drop 1 floor!
   471 | D:2      | Reached skill level 6 in Ranged Weapons
   510 | D:2      | Reached XP level 3. HP: 21/21 MP: 3/3
   733 | D:2      | Noticed Natasha
   739 | D:2      | Killed from afar by Natasha

Illustrated notes

Levels and vault maps discovered:
D:1:      dpeg_arrival_three_same_balls, layout_rooms,
          ebering_ecumenical_altar_rust
D:2:      layout_loops_cross, grunt_decor_junction, amethyst_killhole,
          uniq_terence, uniq_crazy_yiuf_cottage, uniq_natasha

Skill      XL: |  1  2 |
---------------+-------+-----
Ranged Weapons | 6 |  6.2
Fighting       | |  2.2
Armour         | |  0.1
Dodging        | |  2.4
Stealth        | |  1.9

Action                     || total
---------------------------++-------
   Fire: Shortbow          ||    51
    Use: Scroll            ||     1
 Armour: Leather armour    ||     6
  Dodge: Dodged            ||    21
